Map: Ruins of Seras

Players

qxc

  • Race: Terran Terran
  • League: Master

Beastyqt - Winner!

  • Race: Terran Terran
  • League: Master

Event: Lycan League Weekly August #2

VOD

Have the link to the VOD?

Description

Time

  • Played on: Aug. 10, 2015, 4:40 p.m.
  • Length: 16:17

All games in this series

Show
View Real Time Build Order
Export as new Build Order

qxc Terran 

Build Orders: Reaper Expand, Siege Tank Drop 

Get SALT Encoding   

  12  0:00  SCV  
  13  0:13  SCV  
  14  0:18  Supply Depot  
  14  0:25  SCV  
  15  0:40  SCV  
  15  0:42  Barracks  
  16  0:44  Refinery  
  16  0:52  SCV  
  17  1:04  SCV  
  18  1:16  SCV  
  19  1:29  Reaper, Orbital Command  
  20  1:44  Command Center  
  20  1:52  Supply Depot  
  20  1:55  SCV  
  20  2:01  Marine  
  22  2:08  SCV  
  23  2:13  Factory  
  23  2:18  Marine  
  23  2:20  SCV  
  25  2:24  Refinery  
  25  2:36  SCV  
  26  2:38  Marine  
  27  2:48  SCV  
  28  2:57  Orbital Command  
  28  2:58  Starport  
  28  3:00  SCV, Hellion  
  31  3:06  Marine  
  32  3:13  SCV  
  33  3:22  Hellion  
  33  3:25  SCV  
  33  3:26  SCV  
  35  3:34  Supply Depot  
  35  3:35  Viking  
  35  3:37  SCV  
  35  3:38  Supply Depot  
  35  3:39  SCV  
  39  3:44  Hellion  
  41  3:49  SCV  
  41  3:52  SCV  
  41  3:53  Barracks Tech Lab  
  43  4:01  SCV  
  44  4:04  SCV  
  44  4:08  Medivac  
  47  4:14  SCV  
  47  4:15  Siege Tank  
  47  4:16  SCV  
  52  4:18  Barracks Reactor  
  52  4:24  Engineering Bay  
  52  4:26  SCV, Bunker  
  52  4:28  SCV  
  51  4:38  SCV  
  45  4:41  SCV  
  45  4:45  Viking  
  45  4:47  Siege Tank  
  45  4:50  SCV  
  45  4:52  Missile Turret  
  49  5:01  SCV  
  50  5:08  SCV  
  50  5:13  SCV, Missile Turret  
  52  5:20  SCV  
  53  5:22  Siege Tank  
  53  5:24  Viking x2  
  53  5:26  SCV  
  61  5:30  Refinery  
  61  5:33  SCV  
  62  5:36  Refinery  
  62  5:40  Supply Depot  
  62  5:46  SCV  
  56  5:53  Viking  
  56  5:54  Viking  
  52  5:58  SCV  
  48  6:10  SCV  
  39  6:22  SCV  
  39  6:24  Viking  
  39  6:29  Marine  
  40  6:34  SCV  
  40  6:46  SCV  
  41  6:48  Medivac  
  41  6:52  Orbital Command  
  42  6:58  SCV  
  41  7:04  Missile Turret  
  41  7:10  SCV  
  42  7:18  SCV  
  42  7:22  SCV  
  42  7:27  Siege Tank  
  47  7:30  SCV  
  47  7:35  SCV  
  51  7:39  Barracks Tech Lab  
  51  7:42  SCV  
  49  7:47  SCV  
  50  7:54  SCV  
  51  7:59  Siege Tank  
  54  8:07  Stimpack  
  54  8:08  Supply Depot  
  54  8:11  Marine  
  54  8:12  Supply Depot, SCV x2  
  57  8:15  Refinery  
  57  8:23  Viking  
  57  8:24  SCV  
  60  8:28  SCV  
  60  8:31  Siege Tank  
  64  8:36  SCV  
  64  8:38  Marine  
  66  8:43  Barracks  
  66  8:45  SCV, Barracks  
  66  8:46  Medivac  
  69  8:49  SCV  
  72  9:03  Siege Tank  
  72  9:06  Terran Infantry Weapons Level 1  
  73  9:25  Medivac  
  73  9:26  Marine  
  76  9:34  Supply Depot x2  
  76  9:36  Medivac  
  78  9:55  Siege Tank  
  77  10:02  Barracks Reactor x2  
  77  10:05  Barracks  
  77  10:07  Barracks  
  77  10:11  Viking x2, Marine  
  82  10:17  Missile Turret  
  82  10:20  Missile Turret  
  82  10:28  Siege Tank  
  85  10:35  Missile Turret x2  
  85  10:36  Command Center  
  85  10:37  Supply Depot, Marine  
  85  10:38  Supply Depot  
  86  10:49  Combat Shields  
  86  10:50  Marine x4  
  90  11:00  Barracks Reactor x2  
  90  11:03  Marine  
  91  11:08  Supply Depot  
  91  11:09  Marine x2  
  93  11:17  Sensor Tower  
  93  11:21  Marine x2  
  90  11:39  Marine x3  
  86  11:40  Siege Tank  
  73  11:56  Marine x2  
  73  11:57  Marine x5  
  80  12:08  Marine x2  
  80  12:12  Siege Tank  
  80  12:14  Marine  
  84  12:17  Marine x5  
  89  12:23  Terran Infantry Armor Level 1  
  89  12:26  Marine  
  90  12:32  Medivac x2  
  90  12:33  Marine  
  95  12:41  Marine x2  
  95  12:42  Marine  
  98  12:44  Marine  
  99  12:53  Orbital Command  
  99  12:59  Sensor Tower  
  99  13:06  Marine x3  
  99  13:11  SCV x2  
  104  13:16  Marine  
  105  13:22  SCV  
  105  13:23  SCV x2  
  105  13:25  Marine x2  
  105  13:26  Marine  
  111  13:31  Marine  
  112  13:34  SCV  
  112  13:41  Marine x4  
  113  13:46  Marine x3  
  120  13:51  Siege Tank  
  120  13:54  SCV  
  123  13:56  Marine  
  125  14:09  Factory  
  124  14:10  Marine  
  124  14:13  Supply Depot  
  124  14:15  Barracks Reactor  
  124  14:16  Marine x5  
  130  14:19  Armory  
  130  14:20  Marine x2  
  132  14:28  Marine  
  117  14:34  Marine x2  
  117  14:37  Marine x3  
  106  14:38  Marine x2  
  106  14:42  SCV  
  106  14:43  SCV x2  
  109  14:46  Marine  
  109  14:51  Marine x2  
  109  14:52  Marine  
  113  14:55  SCV x2  
  113  14:57  SCV, Marine  
  116  15:01  Marine  
  116  15:13  Siege Tank  
  119  15:16  Marine  
  120  15:22  Marine  
  120  15:25  SCV  
  120  15:26  Marine  
  120  15:28  SCV  
  113  15:35  Marine x3  
  76  15:55  Marine x2  
  76  15:56  Marine  
  61  15:58  Marine  
Show
View Real Time Build Order
Export as new Build Order

Beastyqt Terran - Winner!

Build Orders: Siege Tank Drop 

Get SALT Encoding   

  12  0:01  SCV  
  13  0:13  SCV  
  14  0:17  Supply Depot  
  14  0:25  SCV  
  15  0:29  Refinery  
  15  0:39  SCV  
  16  0:45  Barracks  
  16  0:51  SCV  
  17  1:03  SCV  
  18  1:10  Refinery  
  18  1:15  SCV  
  19  1:27  SCV  
  20  1:32  Supply Depot  
  20  1:38  Barracks Reactor  
  20  1:41  Orbital Command  
  20  1:52  Factory  
  20  2:07  SCV  
  21  2:13  Supply Depot  
  21  2:14  Reaper  
  21  2:15  Reaper  
  23  2:19  SCV  
  24  2:35  SCV  
  25  2:37  Starport  
  25  2:40  Hellion  
  27  2:46  Reaper  
  27  2:47  Reaper  
  27  2:48  SCV  
  30  2:53  Supply Depot  
  30  3:01  SCV, Hellion  
  33  3:16  SCV  
  32  3:25  Starport Tech Lab  
  32  3:26  Hellion  
  32  3:27  Reaper x2  
  34  3:31  SCV  
  36  3:45  SCV  
  37  3:58  SCV  
  37  3:59  Command Center  
  37  4:01  Siege Tank  
  41  4:04  Medivac  
  41  4:07  Supply Depot  
  43  4:11  Marine  
  43  4:13  Marine  
  45  4:20  SCV  
  46  4:30  Marine  
  47  4:31  Marine  
  47  4:35  SCV  
  49  4:40  Siege Tank  
  49  4:42  Supply Depot, Medivac  
  54  4:50  Marine  
  55  4:54  Supply Depot  
  55  4:55  SCV, Marine  
  55  5:05  Barracks  
  53  5:07  Marine  
  53  5:13  Marine  
  55  5:17  Orbital Command  
  55  5:23  SCV  
  55  5:27  Marine  
  57  5:28  Banshee, Cloaking Field  
  57  5:30  Factory Tech Lab  
  60  5:39  SCV  
  61  5:45  SCV  
  62  5:50  Marine x2  
  62  5:55  Marine  
  62  6:07  SCV  
  62  6:10  Marine  
  61  6:11  Banshee  
  58  6:19  Marine  
  58  6:20  Marine  
  58  6:25  Orbital Command  
  59  6:28  Marine  
  57  6:37  Marine  
  54  6:43  SCV  
  51  6:52  SCV  
  49  6:54  Barracks x2  
  49  6:55  SCV  
  49  7:02  Banshee  
  49  7:05  Barracks Tech Lab  
  50  7:12  Siege Tank  
  53  7:18  SCV  
  51  7:23  Refinery, Marine  
  51  7:24  Refinery  
  52  7:33  Stimpack  
  52  7:41  Engineering Bay  
  52  7:42  SCV x2  
  54  7:45  Siege Tank  
  54  7:48  Barracks Reactor  
  57  7:55  SCV  
  57  7:58  Marine x3  
  59  8:00  SCV  
  59  8:07  Marine  
  60  8:13  SCV  
  60  8:15  Starport Reactor  
  60  8:16  Marine x3  
  60  8:19  Missile Turret  
  61  8:20  SCV  
  61  8:24  Marine  
  61  8:25  SCV  
  64  8:28  Combat Shields  
  64  8:30  Marine x2  
  65  8:35  Siege Tank  
  65  8:40  Marine x2  
  68  8:44  Terran Infantry Weapons Level 1  
  68  8:50  Marine  
  68  8:51  Marine x2  
  68  8:53  Supply Depot, SCV  
  71  8:57  Medivac x2  
  71  8:58  Marine  
  71  8:59  Marine  
  75  9:11  Marine x2  
  75  9:14  Supply Depot  
  73  9:18  Marine  
  73  9:20  Marine  
  73  9:22  Marine  
  73  9:23  Marine  
  75  9:28  Supply Depot, Siege Tank  
  75  9:29  Marine  
  75  9:30  Barracks  
  79  9:33  Marine  
  79  9:35  Medivac  
  79  9:36  Marine  
  79  9:38  Marine  
  83  9:40  Marine x2  
  83  9:44  Supply Depot  
  86  9:47  Marine  
  86  9:53  Marine  
  87  10:02  Marine x3  
  87  10:03  Siege Tank, Medivac  
  95  10:09  Medivac  
  95  10:12  Marine x2  
  99  10:19  Barracks Reactor  
  99  10:23  Marine x2  
  99  10:28  Marine x2  
  101  10:35  Siege Tank  
  105  10:41  Marine x2  
  105  10:42  Marine  
  108  10:44  Terran Infantry Armor Level 1  
  108  11:02  Marine x3  
  111  11:06  Command Center  
  111  11:07  Marine  
  111  11:09  Supply Depot  
  112  11:18  Siege Tank  
  112  11:19  Marine x2  
  109  11:36  Marine x3  
  109  11:37  Marine  
  109  11:39  Marine  
  90  11:41  Marine  
  90  11:45  Marine  
  86  11:48  Marine  
  86  11:50  Siege Tank  
  84  11:54  Marine x3  
  86  12:02  Medivac  
  86  12:06  Medivac  
  84  12:08  Marine  
  85  12:19  Planetary Fortress  
  85  12:22  SCV x2  
  87  12:28  Marine x3  
  89  12:32  Marine  
  89  12:38  Siege Tank  
  89  12:42  Marine  
  89  12:45  Marine x2  
  89  12:49  Medivac x2  
  95  12:52  Marine x2  
  97  12:59  Marine x2  
  97  13:01  Marine  
  97  13:02  Marine  
  98  13:12  Armory  
  98  13:17  Marine  
  98  13:19  Marine x2  
  99  13:22  Marine, Medivac x2  
  99  13:25  Marine x2  
  107  13:27  Refinery  
  107  13:29  Marine x2  
  107  13:32  Refinery  
  108  13:43  Marine  
  108  13:44  Marine x5  
  108  13:45  Siege Tank  
  108  13:46  Marine  
  118  13:52  Marine  
  118  14:01  Marine  
  118  14:02  Marine x2  
  121  14:16  Marine x2  
  123  14:17  Siege Tank, Medivac x2  
  123  14:20  Marine  
  123  14:21  Marine  
  132  14:25  Marine  
  132  14:28  Marine x2  
  131  14:31  Marine  
  131  14:33  Marine x2  
  112  14:38  Marine x2  
  112  14:42  Marine  
  103  14:46  Marine x2  
  103  14:49  Siege Tank, Marine  
  103  14:51  Marine x2  
  111  14:59  Marine x2  
  112  15:06  Marine  
  105  15:15  Marine x2  
  105  15:18  Marine x2, Medivac x2  
  105  15:20  Marine x3  
  116  15:21  Siege Tank  
  116  15:24  Marine  
  114  15:33  Marine x2  
  116  15:36  Marine x2  
  116  15:37  Marine  
  118  15:48  Marine x3  
  100  15:51  Marine x2  
  100  15:54  Marine x2  
  100  15:55  Marine  

Tags
 
Add a new tag
Caveats
  • Supply blocks, unpowered buildings, or Contaminate may cause inaccurate times.
  • Supply counts are checked every 10 seconds.